 Dungeon Crawl Stone Soup version 0.30-a0-55-g90e3122c3a (webtiles) character file.

Game seed: 16422803847917874017

200 AarnesTheHuman the Cudgeller (level 5, -1/54 HPs)
             Began as an Ogre Gladiator on Sept 9, 2022.
             Slain by an orc
             ... wielding a +0 whip
              (2 damage)
             ... on level 4 of the Dungeon.
             The game lasted 00:04:30 (2453 turns).

AarnesTheHuman the Cudgeller (Ogre Gladiator)       Turns: 2453, Time: 00:04:31

Health: -1/54      AC:  3    Str: 20      XL:     5   Next: 79%
Magic:  5/5        EV: 10    Int:  9      God:
Gold:   77         SH:  0    Dex:  8 (10) Spells: 4/4 levels left

rFire   . . .      SeeInvis .    a - +0 flail
rCold   . . .      Faith    .    (no shield)
rNeg    . . .      Spirit   .    b - +0 robe
rPois   .          Reflect  .    c - +0 hat
rElec   .          Harm     .    (no cloak)
rCorr   .          Rampage  .    (gloves unavailable)
Will    .....                    (boots unavailable)
Stlth   +.........               (no amulet)
HPRegen 0.18/turn                (no ring)
MPRegen 0.09/turn                (no ring)

@: no status effects
A: large, unfitting armour, tough skin 1
a: no special abilities


You were on level 4 of the Dungeon.
You visited 1 branch of the dungeon, and saw 4 of its levels.

You collected 77 gold pieces.

Inventory:

Hand Weapons
 a - a +0 flail (weapon)
 n - a +0 dagger
Missiles
 d - 3 throwing nets (quivered)
 f - 3 curare-tipped darts
 o - 15 stones
Armour
 b - a +0 robe (worn)
 c - a +0 hat (worn)
Wands
 r - a wand of polymorph (10)
Scrolls
 g - a scroll of noise {unknown}
 j - 2 scrolls of magic mapping {unknown}
 l - a scroll of fog {unknown}
 m - a scroll of brand weapon {unknown}
 p - a scroll of vulnerability {unknown}
 q - 3 scrolls of identify
 t - a scroll of fear
Potions
 e - 2 potions of brilliance {unknown}
 k - a potion of might


   Skills:
 + Level 3.9 Fighting
 - Level 5.0 Maces & Flails
 + Level 2.9 Throwing
 - Level 2.6 Dodging


You had 4 spell levels left.
You didn't know any spells.
Your spell library contained the following spells:

 Spells                   Type           Power      Damage    Failure   Level
 Magic Dart               Conj           0%         1d3       38%         1
 Call Imp                 Summ           0%         N/A       52%         2
 Mephitic Cloud           Conj/Pois/Air  0%         N/A       77%         3


Dungeon Overview and Level Annotations

Branches:
Dungeon (4/15)
 Temple: D:4-7

Altars:

Annotations:
D:3 exclusion: upstairs
D:4 Eustachio


Innate Abilities, Weirdness & Mutations

You are too large for most types of armour.
You have tough skin. (AC +1)


Message History

Eustachio blinks!
The orc hits you with a +0 club. The orc barely misses you. x2
The quasit misses you.
The quasit claws you but does no damage.
The quasit misses you. The orc hits you with a +0 whip.
The orc hits you but does no damage. The orc barely misses you.
You are too injured to fight recklessly!
You are too injured to fight recklessly!
You are too injured to fight recklessly!
You are too injured to fight recklessly!
The quasit bites you but does no damage.
The quasit completely misses you. The quasit closely misses you.
The orc hits you with a +0 club. The orc closely misses you.
The orc hits you with a +0 whip.
* * * LOW HITPOINT WARNING * * *
Eustachio screams, "Hey, you killed my favourite bat!"
The quasit bites you but does no damage.
The quasit claws you.
* * * LOW HITPOINT WARNING * * *
The quasit claws you but does no damage.
The orc barely misses you. The quasit barely misses you. x3
The orc hits you with a +0 club.
* * * LOW HITPOINT WARNING * * *
Eustachio hits you with a +0 rapier.
* * * LOW HITPOINT WARNING * * *
The orc barely misses you.
The quasit bites you but does no damage.
The quasit claws you but does no damage. x2
The orc hits you but does no damage. The orc hits you with a +0 club.
* * * LOW HITPOINT WARNING * * *
The orc completely misses you. Eustachio hits you with a +0 rapier.
* * * LOW HITPOINT WARNING * * *
The white imp shouts, "Taste defeat, thou infectious pigeon-egg pissant!"
The quasit closely misses you.
The quasit claws you but does no damage.
The quasit claws you.
* * * LOW HITPOINT WARNING * * *
The orc completely misses you. The orc hits you with a +0 club.
* * * LOW HITPOINT WARNING * * *
The orc hits you with a +0 whip.
You die...

#.. ##.######+###
#...........#
#.....))....#
.##...........#####
........>.###..<..#
..........# #.#.#.#
......o...# #.#...#
......@@..# #.#####
......5oo$# #..
.......5..# ###
..:.......#
..........#
..........#
..........#
#####+#####


You could see Eustachio, a quasit (summoned), a white imp (summoned) and 3 orcs.

Vanquished Creatures
  An ogre (D:2)
  Jessica (D:2)
  3 adders
  6 orcs
  8 ball pythons
  2 endoplasms
  2 giant cockroaches
  3 goblins
  5 hobgoblins
  3 jackals (D:1)
  4 quokkas
  5 bats
  3 frilled lizards
  5 kobolds
  8 rats
59 creatures vanquished.

Notes
Turn   | Place    | Note
-------+----------+-------------------------------------------
     0 | D:1      | AarnesTheHuman the Ogre Gladiator began the quest for the
                  | Orb.
     0 | D:1      | Reached XP level 1. HP: 22/22 MP: 1/1
   122 | D:1      | Reached skill level 3 in Maces & Flails
   147 | D:1      | Reached XP level 2. HP: 19/29 MP: 2/2
  1157 | D:1      | Reached XP level 3. HP: 27/36 MP: 3/3
  1309 | D:1      | You fall into a shaft and drop 1 floor!
  1367 | D:2      | Noticed Jessica
  1370 | D:2      | Killed Jessica
  1371 | D:2      | Reached skill level 4 in Maces & Flails
  1381 | D:2      | Reached XP level 4. HP: 44/44 MP: 4/4
  1561 | D:2      | Noticed an ogre
  1571 | D:2      | Killed an ogre
  1572 | D:2      | Reached skill level 5 in Maces & Flails
  1572 | D:2      | Reached XP level 5. HP: 49/53 MP: 5/5
  2015 | D:2      | Noticed a black bear
  2082 | D:3      | Noticed an ogre
  2437 | D:4      | Noticed Eustachio
  2453 | D:4      | HP: 1/54 [orc/+0 club (3)]
  2453 | D:4      | Slain by an orc

Illustrated notes

Levels and vault maps discovered:
D:1:      erik_arrival_cave_to_civilisation [erik_arrival_cave_to_hall],
          layout_basic, basic_ecumenical_altar
D:2:      layout_loops_ring, serial_shops, shop, uniq_jessica
D:3:      layout_rooms
D:4:      layout_basic, serial_shops, nicolae_diamond_shop, shop, shop_statue,
          nicolae_shop_self_help, uniq_eustachio

Skill      XL: |  1  2  3  4 |
---------------+-------------+-----
Maces & Flails | 3 4 5 |  5.0
Fighting       | 3 |  3.9
Throwing       | |  2.9
Dodging        | |  2.6

Action                   |  1- 3 |  4- 6 || total
-------------------------+-------+-------++-------
Melee: Flail             |    88 |    67 ||   155
       Dagger            |       |    67 ||    67
       Punch             |       |     1 ||     1
Throw: Dart              |       |     4 ||     4
       Large rock        |       |     1 ||     1
       Throwing net      |       |     1 ||     1
  Use: Potion            |       |     4 ||     4
       Scroll            |       |     2 ||     2
 Stab: Invisible         |       |     3 ||     3
Armor: Robe              |    33 |    65 ||    98
       Skin              |     6 |       ||     6
Dodge: Dodged            |    58 |   109 ||   167

Table legend: (Time is in decaauts)
 A = Elapsed time spent in this place.
 B = Non-inter-level travel time spent in this place.
 C = Inter-level travel time spent in this place.
 D = Time resting spent in this place.
 E = Time spent auto-exploring this place.
 F = Levels seen in this place.
 G = Mean time per level.
                   A        B        C        D        E       F      G
               +--------+--------+--------+--------+--------+-----+--------+
         Total |   2461 |   2461 |      0 |    496 |   1459 |   4 |  615.2 |
       Dungeon |   2461 |   2461 |      0 |    496 |   1459 |   4 |  615.2 |
               +--------+--------+--------+--------+--------+-----+--------+

Top non-repeatable levels by time:
     D:1: 1324 daAuts
     D:2: 730 daAuts
     D:4: 265 daAuts
     D:3: 140 daAuts
